AoeStats
← Sor123s8

Arabia

508546279Analyzed
1v1 RM · 8d ago on Sep 23, 2026· 54m 29s· 2 players
Game mode
Random Map
Map size
Tiny (2 player)
Population
200
Speed
Normal
Resources
Standard
Victory
Conquest
Starting age
Dark Age
Ending age
Imperial Age
RankedLock teamsTeams togetherTeam positionsShared explorationLock speedFull tech treeHidden civsTurbo modeCheats
Victory
Defeat
🇦🇷 Magyars · Argentina
1053
+16
🇺🇸 Danes · United States
1046
-16
McBouncy
11:07 Feudal Age
12:03 Man-at-Arms
12:30 Arson
22:05 Castle Age
20:46 Fletching
21:21 Loom
21:59 Double-Bit Axe
22:06 Gold Mining
23:28 Town Watch
26:06 Scale Mail Armor
26:17 Forging
35:17 Wheelbarrow
36:11 Chain Mail Armor
36:59 Forging
38:45 Ballistics
39:27 Wheelbarrow
42:20 Pikeman
44:10 Bow Saw
46:55 Imperial Age
45:00 Squires
46:47 Iron Casting
47:16 Halberdier
52:46 Plate Mail Armor
Sor123s8
7:50 Loom
9:53 Feudal Age
11:03 Double-Bit Axe
17:36 Wheelbarrow
21:09 Castle Age
19:03 Gold Mining
20:33 Horse Collar
22:23 Bow Saw
22:36 Fletching
24:43 Gold Shaft Mining
25:35 Husbandry
26:27 Bodkin Arrow
27:29 Bow Saw
27:21 Heavy Plow
29:01 Stone Mining
28:50 Light Cavalry
34:30 Padded Archer Armor
36:02 Bloodlines
39:08 Corvinian Army
40:31 Thumb Ring
41:35 Scale Barding Armor
42:10 Hand Cart
42:04 Town Watch
43:07 Chain Barding Armor
43:03 Leather Archer Armor
46:26 Imperial Age
44:49 Ballistics
46:29 Hussar
46:33 Elite Magyar Huszar
47:19 Recurve Bow
48:37 Plate Barding Armor
48:04 Bracer
49:10 Town Patrol
49:37 Conscription
50:46 Two-Man Saw
49:53 Crossbowman
51:06 Parthian Tactics
50:07 Heavy Cavalry Archer
53:41 Crop Rotation
Connection lost

Rejoining the realm…

Still unreachable

The connection could not be restored.

Session expired

The server has moved on; the page needs a fresh start.